 Dungeon Crawl Stone Soup version 0.31-a0-920-g28cbb04a8c (console) character file.

Game seed: 379571816972441700

121 petzl the Sneak (level 5, -4/40 (41) HPs)
             Began as a Formicid Delver on Oct 17, 2023.
             Slain by an orc
             ... wielding a +0 hand axe of freezing
              (6 damage)
             ... on level 4 of the Dungeon.
             The game lasted 00:08:40 (1647 turns).

petzl the Sneak (Formicid Delver)                   Turns: 1647, Time: 00:08:41

HP:   -4/40 (41)    AC:  8    Str: 16    XL:     5   Next: 26%
MP:   9/9           EV: 12    Int: 12    God:
Gold: 103           SH:  0    Dex: 15    Spells: 9/9 levels left

rFire   + . .        a - +0 mace
rCold   + + .        (no shield)
rNeg    . . .        r - +2 leather armour {rC+}
rPois   +            (helmet unavailable)
rElec   +            (no cloak)
rCorr   +            (no gloves)
SInv    +            g - +2 pair of boots {Fly}
Will    +....        (no amulet)
Stlth   +++          (no ring)
HPRegen 0.26/turn    (no ring)
MPRegen 0.11/turn

%: no passive effects
@: lethally poisoned (-4 -> -6), resistant, enlightened, flying, lightly drained
A: permanent stasis, dig shafts and tunnels, antennae 3, four strong arms
a: Dig, Shaft Self


You were on level 4 of the Dungeon.
You visited 1 branch of the dungeon, and saw 7 of its levels.

You collected 103 gold pieces.

Inventory:

Hand Weapons
 a - a +0 mace (weapon)
 b - a +0 sling
Missiles
 h - 15 stones
 i - 9 poisoned darts
 j - 4 atropa-tipped darts
Armour
 g - a +2 pair of boots of flying (worn)
 r - a +2 leather armour of cold resistance (worn)
Jewellery
 q - a ring of flight
Wands
 f - a wand of digging (3)
Scrolls
 c - a scroll of fog
 d - a scroll of poison
 k - 2 scrolls of teleportation {unknown}
 m - a scroll of vulnerability {unknown}


   Skills:
 + Level 3.6 Fighting
 - Level 2.0 Maces & Flails
 + Level 1.1 Ranged Weapons
 + Level 1.0 Armour
 + Level 2.1 Dodging
 + Level 6.3 Stealth
 + Level 2.9 Spellcasting
 + Level 1.2 Evocations


You had 9 spell levels left.
You didn't know any spells.
Your spell library contained the following spells:

 Spells                   Type           Power      Damage    Failure   Level
 Lesser Beckoning         Tloc           2%         N/A       43%         2
 Momentum Strike          Conj/Tloc      2%         3d8       43%         2
 Blink                    Tloc           Unusable   N/A       N/A         2

Dungeon Overview and Level Annotations

Branches:
Dungeon (7/15)
 Temple: D:4-7

Altars:
Okawaru

Annotations:
D:4 exclusion: hound
D:6 exclusions: acid dragon, downstairs and sensed monster (detected)


Innate Abilities, Weirdness & Mutations

You cannot be hasted, slowed, berserked, paralysed or teleported.
You can dig through walls and to a lower floor.
You have a pair of large antennae on your head. (SInv)
Your four strong arms can wield two-handed weapons with a shield.


Message History

* * * LOW HITPOINT WARNING * * *
Okay, then.
Okay, then.
Unknown command.
Unknown command.
Okay, then.
Unknown command.
Unknown command.
It was a potion of haste.
Your stasis prevents you from being hasted.
* * * LOW HITPOINT WARNING * * *
You feel sick. The adder bites you.
* * * LOW HITPOINT WARNING * * *
The adder closely misses you. The orc hits you but does no damage.
It was a potion of enlightenment.
You feel more buoyant.
* * * LOW HITPOINT WARNING * * *
You feel sick. The adder barely misses you. The orc barely misses you.
It was a potion of resistance.
You feel protected.
* * * LOW HITPOINT WARNING * * *
You feel sick. The adder barely misses you.
The orc hits you but does no damage.
The air fills with toxic fumes!
As you read the scroll labelled JOTHRO YBUYT, it crumbles to dust.
It was a scroll of poison.
* * * LOW HITPOINT WARNING * * *
You feel sick. The adder bites you but does no damage.
The adder closely misses you. The orc misses you.
Unknown command.
Unknown command.
You aren't carrying any potions.
As you read the scroll labelled UPTIEK GIEG, it crumbles to dust.
You hear a loud clanging noise!
It was a scroll of noise.
* * * LOW HITPOINT WARNING * * *
You feel sick.
You hear an angry hiss.
The adder bites you but does no damage.
The orc hits you with a +0 hand axe of freezing.
You die...

#.......###.#.## ##.....
........###.#)#####.####
..............#......
................# #
#...#.#####.#...#{
##.##. #.#.#.# #. #.
#...#... ##..#.###
#..#.#{ #. #..#.#### #.
#........ #§ #....####
#§######.##.#
#§§§§§.....§# ###
##§§§###.#§§#
.§§§#§§§§§##§§§§####
.§§§§§§§§§§§§#§§....#
##§§§§§§§S§§§§§§#####
##.##§o@####..## #h
##### #..# # #.## #.#
#.# #.# #.# ########.#
.........###
....####...# . ####.# #
#.##.# .##.## #.#.#
..>...###÷.# #....#...#
##.#### .######...###.#
..............#
#######[..#####


You could see an adder and an orc.

Vanquished Creatures
  2 hounds
  An adder (D:1)
  3 dart slugs (D:1)
  7 orcs
  6 endoplasms
  A giant cockroach (D:1)
  4 goblins (D:1)
  5 hobgoblins
  A kobold (D:1)
  2 ball pythons
  2 bats (D:1)
  2 frilled lizards
  4 rats (D:1)
40 creatures vanquished.

Notes
Turn   | Place    | Note
-------+----------+-------------------------------------------
     0 | D:5      | petzl the Formicid Delver began the quest for the Orb.
     0 | D:5      | Reached XP level 1. HP: 18/18 MP: 1/1
    26 | D:6      | Noticed an acid dragon
    78 | D:7      | Noticed a scorpion
    78 | D:7      | Noticed a scorpion
   160 | D:4      | Noticed a hound
   350 | D:1      | Reached skill level 1 in Spellcasting
   387 | D:1      | Reached XP level 2. HP: 21/24 MP: 4/4
   694 | D:1      | Reached XP level 3. HP: 25/29 MP: 6/6
  1022 | D:2      | Found a faded altar of an unknown god.
  1051 | D:2      | Reached XP level 4. HP: 12/35 MP: 6/8
  1053 | D:2      | You are sucked into a shaft and drop 2 floors!
  1189 | D:4      | Found an iron altar of Okawaru.
  1329 | D:4      | Reached skill level 1 in Ranged Weapons
  1329 | D:4      | Reached skill level 1 in Armour
  1329 | D:4      | Reached skill level 1 in Evocations
  1329 | D:4      | Reached XP level 5. HP: 35/41 MP: 9/9
  1647 | D:4      | HP: 2/40 [poisoned by an adder]
  1647 | D:4      | Slain by an orc

Illustrated notes

Levels and vault maps discovered:
D:1:      ncdulo_watergridlock, layout_rooms, minmay_pentomino_r4
D:2:      layout_rooms, hellmonk_ecumenical_altar_lost_god, uniq_terence
D:3:      layout_rooms, serial_curves, eino_curves_03, eino_curves_03,
          minivault_14, nrook_uturn, uniq_jessica
D:4:      minmay_inner_zag, layout_loops_ring, okawaru_gym_becter, serial_shops,
          nicolae_shop_gaudy_bauble, enter_ossuary_4, uniq_natasha
D:5:      layout_basic, minmay_temple_entry_wispy, portal_sewer_entry_d,
          eino_small_chamber_without_monster, uniq_menkaure
D:6:      layout_basic
D:7:      layout_basic, grunt_decor_resistance, grunt_ministairs_12,
          nicolae_fountain_basement

Skill      XL: |  1  2  3  4 |
---------------+-------------+-----
Spellcasting   | 1 2 |  2.9
Dodging        | 2 |  2.1
Ranged Weapons | 1 |  1.1
Armour         | 1 |  1.0
Evocations     | 1 |  1.2
Fighting       | |  3.6
Maces & Flails | |  2.0
Stealth        | |  6.3

Action                     |  1- 3 |  4- 6 || total
---------------------------+-------+-------++-------
  Melee: Mace              |    81 |    55 ||   136
         Punch             |     1 |       ||     1
   Fire: Sling             |       |    17 ||    17
Ability: Dig               |     1 |     2 ||     3
         Shaft Self        |       |     1 ||     1
    Use: Scroll            |     2 |     2 ||     4
         Potion            |       |     3 ||     3
   Stab: Sleeping          |     6 |       ||     6
 Armour: Leather armour    |    26 |    52 ||    78
         Ring mail         |    57 |    24 ||    81
  Dodge: Dodged            |    75 |    45 ||   120

Table legend: (Time is in decaauts)
 A = Elapsed time spent in this place.
 B = Non-inter-level travel time spent in this place.
 C = Inter-level travel time spent in this place.
 D = Time resting spent in this place.
 E = Time spent auto-exploring this place.
 F = Levels seen in this place.
 G = Mean time per level.
                   A        B        C        D        E       F      G
               +--------+--------+--------+--------+--------+-----+--------+
         Total |   1693 |   1583 |    110 |    454 |    396 |   7 |  241.9 |
       Dungeon |   1693 |   1583 |    110 |    454 |    396 |   7 |  241.9 |
               +--------+--------+--------+--------+--------+-----+--------+

Top non-repeatable levels by time:
     D:1: 630 daAuts
     D:4: 501 daAuts
     D:2: 247 daAuts
     D:3: 173 daAuts
     D:6: 111 daAuts
     D:5: 27 daAuts
     D:7: 1 daAuts
